AoeStats
← BP | L'Checheroni

Arena

505724799Analyzed
1v1 RM · 20d ago on Sep 10, 2026· 37m 9s· 2 players
Game mode
Random Map
Map size
Tiny (2 player)
Population
200
Speed
Normal
Resources
Standard
Victory
Conquest
Starting age
Dark Age
Ending age
Imperial Age
RankedLock teamsTeams togetherTeam positionsShared explorationLock speedFull tech treeHidden civsTurbo modeCheats
Victory
Defeat
🇨🇴 Armenians · Colombia
967
+18
🇬🇧 Portuguese · United Kingdom
1001
-18
BP | L'Checheroni
8:13 Loom
10:52 Feudal Age
14:38 Castle Age
13:06 Town Watch
18:44 Redemption
21:31 Sanctity
28:17 Fervor
Apollo 07
11:29 Feudal Age
13:32 Loom
16:34 Castle Age
14:48 Double-Bit Axe
16:41 Bloodlines
16:39 Scale Barding Armor
22:46 Light Cavalry
31:40 Murder Holes
Connection lost

Rejoining the realm…

Still unreachable

The connection could not be restored.

Session expired

The server has moved on; the page needs a fresh start.